 Dungeon Sprint DCSS version 0.27-a0-797-g27d10ad80f (webtiles) character file.

Game seed: 1150229300639019901

65 mhtbhm the Poker (level 3, 0/38 HPs)
             Began as a Minotaur Berserker on Mar 27, 2021.
             Was a Priest of Trog.
             Slain by an orc wizard
             ... wielding a +0 dagger
              (4 damage)
             ... in the Dungeon (Sprint IX: "|||||||||||||||||||||||||||||").
             The game lasted 00:00:09 (107 turns).

mhtbhm the Poker (Minotaur Berserker)                Turns: 107, Time: 00:00:10

Health: 0/38       AC: -1    Str: 22    XL:     3   Next: 94%
Magic:  2/2        EV: 12    Int:  4    God:    Trog [***...]
Gold:   0          SH:  0    Dex:  9    Spells: 2/2 levels left

rFire    . . .     SeeInvis .   a - +0 spear
rCold    . . .     Faith    .   (no shield)
rNeg     . . .     Spirit   .   b - +0 animal skin
rPois    .         Reflect  .   (helmet restricted)
rElec    .         Harm     .   (no cloak)
rCorr    .         Rampage  .   (no gloves)
Will     .....     NoTele   +   (no boots)
Stlth    +.........             (no amulet)
HPRegen  0.12/turn              (no ring)
MPRegen  0.08/turn              (no ring)

@: corroded, berserk cooldown, slowed, very slow
A: horns 2, retaliatory headbutt
a: Renounce Religion, Berserk, Trog's Hand


You were in the Dungeon.
You worshipped Trog.
Trog was most pleased with you.
You visited 1 branch

Inventory:

Hand Weapons
 a - a +0 spear (weapon)
Armour
 b - a +0 animal skin (worn)
Scrolls
 h - a scroll of blinking
Potions
 c - a potion of curing
 d - a potion of heal wounds
 e - a potion of haste
 f - 2 potions of magic
 g - a potion of berserk rage


   Skills:
 + Level 6.7 Fighting
 + Level 7.0 Polearms
 + Level 3.5 Armour
 + Level 3.5 Dodging


You had 2 spell levels left.
You didn't know any spells.
Your spell library was empty.

Dungeon Overview and Level Annotations

Branches:
Dungeon (1/1)

Altars:


Innate Abilities, Weirdness & Mutations

You have a pair of horns on your head.
You reflexively headbutt those who attack you in melee.


Message History

You feel the power of Trog in you as your rage grows.
You kill the white imp!
Trog accepts your kill.
Your Fighting skill increases to level 6!
Your Polearms skill increases to level 6!
You puncture the jelly!
Your hands burn!
The jelly is heavily wounded.
You hit the jelly.
Your hands burn!
The jelly is almost dead.
The jelly hits you. The acid corrodes you!
You are splashed with acid!
You hit the jelly.
You kill the jelly!
Trog accepts your kill.
Your Polearms skill increases to level 7!
Something hits you.
You miss something. You hit something but do no damage. Something hits you.
You barely miss something. You barely miss something.
Your headbutt misses something. Something barely misses you.
You closely miss something. You barely miss something.
You are no longer berserk.
You are exhausted.
You feel yourself slow down.
You hear some strange, mumbled words.
You are confused.
You miss something. Something hits you.
You bump into the unnaturally hard rock wall.
Something hits you.
* * * LOW HITPOINT WARNING * * *
You bump into the unnaturally hard rock wall.
Something hits you.
* * * LOW HITPOINT WARNING * * *
Something hits you.
* * * LOW HITPOINT WARNING * * *
You bump into the unnaturally hard rock wall.
You feel less confused. Something hits you.
You die...

▓+▓
▓.▓
▓.▓
▓5▓
▓.▓
▓@▓
▓†▓
▓.▓
▓.▓
▓.▓
▓.▓
▓.▓
▓)▓
▓.▓


You could see an ufetubus.

Vanquished Creatures
  A jelly (D)
  An iguana (D)
  A white imp (D)
  A giant cockroach (D)
  A goblin (D)
  2 bats (D)
  A frilled lizard (D)
8 creatures vanquished.

Notes
Turn   | Place    | Note
-------+----------+-------------------------------------------
     0 | D        | mhtbhm the Minotaur Berserker began the quest for the Orb.
     0 | D        | Reached XP level 1. HP: 19/19 MP: 0/0
     9 | D        | Reached skill level 4 in Polearms
    10 | D        | Reached ** piety under Trog
    85 | D        | Noticed an orc wizard
    85 | D        | Noticed a jelly
    85 | D        | Noticed an iguana
    89 | D        | Killed an iguana
    90 | D        | Reached skill level 5 in Fighting
    90 | D        | Reached skill level 5 in Polearms
    90 | D        | Reached XP level 2. HP: 30/30 MP: 1/1
    90 | D        | Reached XP level 3. HP: 37/37 MP: 2/2
    93 | D        | Reached *** piety under Trog
    94 | D        | Reached skill level 6 in Polearms
    97 | D        | Reached skill level 7 in Polearms
   107 | D        | Slain by an orc wizard

Illustrated notes

Levels and vault maps discovered:
D:        linesprint [early_d, line_temple, items_1, d_10, items_2, lair_1,
          lair_end, items_3, orc_1, orc_end, items_4, d_15, swamp_1, shoals_1,
          snake_1, spider_1, d_20, vaults_1, items_5, swamp_end, shoals_end,
          snake_end, spider_end, vaults_end, d_27, items_6, zot_1, zot_end,
          crypt_end, forest_end, elf_end, slime_end, tomb_end, abyss_end,
          pan_hell_end]

Skill      XL: |  1  2  3 |
---------------+----------+-----
Fighting       | 5 6 |  6.7
Polearms       | 5 7 |  7.0
Armour         | 3 |  3.5
Dodging        | 3 |  3.5

Action                   || total
-------------------------++-------
Melee: Spear             ||    28
       Headbutt          ||     2
Invok: Berserk           ||     1
Armor: Animal skin       ||     1
Dodge: Dodged            ||    10

Table legend: (Time is in decaauts)
 A = Elapsed time spent in this place.
 B = Non-inter-level travel time spent in this place.
 C = Inter-level travel time spent in this place.
 D = Time resting spent in this place.
 E = Time spent auto-exploring this place.
 F = Levels seen in this place.
 G = Mean time per level.
                   A        B        C        D        E       F      G
               +--------+--------+--------+--------+--------+-----+--------+
         Total |     99 |     99 |      0 |     63 |      3 |   1 |   99.0 |
       Dungeon |     99 |     99 |      0 |     63 |      3 |   1 |   99.0 |
               +--------+--------+--------+--------+--------+-----+--------+

Top non-repeatable levels by time:
       D: 99 daAuts
